 Dungeon Crawl Stone Soup version 0.27.1-1-g398f81649c (webtiles) character file.

Game seed: 1626870831847074122

2632 MisterFreud the Blocker (level 9, -7/71 (74) HPs)
             Began as a Gnoll Fighter on Sept 15, 2021.
             Was an Initiate of Gozag.
             Mangled by Erica (10 damage)
             ... on level 8 of the Dungeon.
             The game lasted 00:07:34 (7470 turns).

MisterFreud the Blocker (Gnoll Fighter)             Turns: 7470, Time: 00:07:35

HP:   -7/71 (74)    AC: 15    Str: 15    XL:     9   Next: 61%
MP:   15/15         EV:  9    Int: 12    God:    Gozag
Gold: 964           SH: 10    Dex: 11    Spells: 16/16 levels left

rFire    + . .     SeeInvis .   A - +2 demon whip (drain)
rCold    . . .     Faith    .   c - +0 kite shield
rNeg     . . .     Spirit   .   b - +0 scale mail
rPois    .         Reflect  .   I - +0 helmet
rElec    .         Harm     .   (no cloak)
rCorr    .         Rampage  .   o - +0 pair of gloves
Will     .....                  E - +3 pair of boots of the Grue {rF+}
Stlth    +.........             m - amulet of magic regeneration
HPRegen  0.21/turn              (no ring)
MPRegen  0.39/turn              (no ring)

@: about to teleport, slowed, lightly drained, very slow
A: fangs 1, strong nose, distributed training
a: Renounce Religion, Potion Petition, Call Merchant, Bribe Branch


You were on level 8 of the Dungeon.
You worshipped Gozag.
Gozag was pleased with you.
You visited 1 branch of the dungeon, and saw 8 of its levels.

You collected 964 gold pieces.

Inventory:

Hand Weapons
 a - a +0 rapier
 q - a +5 scythe of protection
 A - a +2 demon whip of draining (weapon)
Missiles
 n - 5 javelins
 s - 29 poisoned darts (quivered)
 y - 5 boomerangs
 B - 3 boomerangs of dispersal
 G - 7 atropa-tipped darts
Armour
 b - a +0 scale mail (worn)
 c - a +0 kite shield (worn)
 o - a +0 pair of gloves (worn)
 E - the +3 pair of boots of the Grue (worn) {rF+}
   (You found it on level 6 of the Dungeon)

   rF:        It protects you from fire.
 I - a +0 helmet (worn)
Jewellery
 i - a ring of flight
 m - an amulet of magic regeneration (around neck)
 p - a ring of resist corrosion
 t - a +4 ring of protection
Wands
 e - a wand of iceblast (16)
 v - a wand of flame (10)
 w - a wand of digging (5)
 F - a wand of paralysis (14)
Scrolls
 f - a scroll of amnesia
 g - 2 scrolls of immolation
 h - 2 scrolls of torment
 j - a scroll of identify
 l - a scroll of vulnerability
 C - 3 scrolls of noise
 H - a scroll of fog {unknown}
Potions
 d - 4 potions of might
 k - a potion of flight
 r - 3 potions of berserk rage
 u - a potion of heal wounds
 x - 2 potions of curing
 z - a potion of attraction
 D - a potion of cancellation {unknown}


   Skills:
 + Level 8.0 Fighting
 + Level 6.4 Short Blades
 + Level 4.4 Long Blades
 + Level 4.4 Axes
 + Level 4.4 Maces & Flails
 + Level 4.4 Polearms
 + Level 4.4 Staves
 + Level 4.4 Slings
 + Level 4.4 Bows
 + Level 4.4 Crossbows
 + Level 4.4 Throwing
 + Level 8.0 Armour
 + Level 4.4 Dodging
 + Level 4.4 Stealth
 + Level 8.0 Shields
 + Level 4.4 Unarmed Combat
 + Level 4.4 Spellcasting
 + Level 3.6 Conjurations
 + Level 3.6 Hexes
 + Level 3.6 Summonings
 + Level 3.6 Necromancy
 + Level 3.6 Translocations
 + Level 3.6 Transmutations
 + Level 3.6 Fire Magic
 + Level 3.6 Ice Magic
 + Level 3.6 Air Magic
 + Level 3.6 Earth Magic
 + Level 3.6 Poison Magic
 + Level 4.9 Invocations
 + Level 4.4 Evocations


You had 16 spell levels left.
You didn't know any spells.
Your spell library contained the following spells:

 Spells                   Type           Power      Damage    Failure   Level
 Animate Skeleton         Necr           22%        N/A       36%         1
 Pain                     Necr           44%        1d6       36%         1
 Vampiric Draining        Necr           5%         2d6       75%         3


Dungeon Overview and Level Annotations

Branches:
Dungeon (8/15)             Temple (0/1) D:4
   Lair: D:8-11

Altars:
Elyvilon
Gozag
Qazlal
Sif Muna
The Shining One

Annotations:
D:7 2 transporters, sobakacece's ghost, novice MiFi
D:8 Erica


Innate Abilities, Weirdness & Mutations

You have very sharp teeth.
Your uncanny sense of smell can sniff out nearby items.
Your experience applies equally to all skills.


Message History

You hear some strange, mumbled words.
A bolt of poison appears from out of thin air!
The bolt of poison hits you.
You are more poisoned.
You feel very sick.
Found a scroll of teleportation.
You feel very sick.
You feel very sick.
You feel sick. Something hits you but does no damage.
A centaur zombie comes into view.
You feel sick.
You hear some strange, mumbled words.
Something tries to affect you, but you resist.
You feel sick.
You hear some strange, mumbled words.
A bolt of poison appears from out of thin air!
The bolt of poison misses you.
You see here a scroll of teleportation.
J - a scroll of teleportation You feel sick.
You are no longer poisoned.
Unknown command.
As you read the scroll of teleportation, it crumbles to dust.
You feel strangely unstable. You block the centaur zombie's attack.
The centaur zombie closely misses you. Something hits you!
* * * LOW HITPOINT WARNING * * *
The centaur zombie hits you but does no damage.
You block the centaur zombie's attack.
Unknown command.
You closely miss something.
Erica appears from thin air!
Reactivating autopickup.
You block the centaur zombie's attack. The centaur zombie misses you.
Erica hits you with a +3 scimitar of flaming!
* * * LOW HITPOINT WARNING * * *
Erica burns you.
* * * LOW HITPOINT WARNING * * *
You block the centaur zombie's attack. The centaur zombie barely misses you.
Erica hits you with a +3 scimitar of flaming!
You die...
Your body crumbles into a pile of gold.

############
#..........#
#.########.# #.# #.#
#.## #{### ### #..##
#.... .....######...###
#....
#....Z@@.......#####.##
....#####+#####.....#.#
$ # #####.(.## ###(.#
##.. ##. $ #. $ ∆ ## #


You could see Erica and a centaur zombie.

Vanquished Creatures
  Pikel (D:4)
  Sigmund (D:2)
  Edmund (D:4)
  An ice beast (D:5)
  2 sky beasts (D:6)
  A necrophage (D:6)
  4 ogres
  A centaur (D:7)
  A phantom (D:5)
  A kobold brigand (D:7)
  A bullfrog (D:7)
  A wyvern zombie (D:6)
  2 scorpions
  A water moccasin skeleton (D:5)
  A wight (D:7)
  2 howler monkeys
  A centaur zombie (D:6)
  A bullfrog skeleton (D:5)
  2 bullfrog zombies
  A jelly (D:6)
  A hound (D:6)
  2 orc priests
  An iguana (D:5)
  2 orc wizards (D:6)
  Natasha (thrice) (D:4)
  2 hound skeletons
  3 adders
  A shadow imp (D:6)
  A white imp (D:7)
  3 ufetubi
  An adder zombie (D:5)
  A worm (D:4)
  A dart slug (D:5)
  12 orcs
  3 endoplasms
  6 giant cockroaches
  10 goblins
  4 hobgoblins
  2 jackals (D:1)
  7 kobolds
  3 quokkas
  6 ball pythons
  3 bats
  3 frilled lizards
  6 rats
114 creatures vanquished.

Notes
Turn   | Place    | Note
-------+----------+-------------------------------------------
     0 | D:1      | MisterFreud the Gnoll Fighter began the quest for the Orb.
     0 | D:1      | Reached XP level 1. HP: 23/23 MP: 1/1
    19 | D:1      | You fall into a shaft and drop 1 floor!
    46 | D:2      | Noticed Sigmund
    61 | D:1      | Reached XP level 2. HP: 19/29 MP: 2/2
   532 | D:1      | Reached XP level 3. HP: 31/35 MP: 3/3
  1030 | D:1      | Found a faded altar of an unknown god.
  1037 | D:1      | Became a worshipper of Gozag Ym Sagoz the Greedy
  1110 | D:2      | Reached skill level 1 in Invocations
  1526 | D:2      | Killed Sigmund
  1527 | D:2      | Reached skill level 1 in Long Blades
  1527 | D:2      | Reached skill level 1 in Axes
  1527 | D:2      | Reached skill level 1 in Maces & Flails
  1527 | D:2      | Reached skill level 1 in Polearms
  1527 | D:2      | Reached skill level 1 in Staves
  1527 | D:2      | Reached skill level 1 in Slings
  1527 | D:2      | Reached skill level 1 in Bows
  1527 | D:2      | Reached skill level 1 in Crossbows
  1527 | D:2      | Reached skill level 1 in Throwing
  1527 | D:2      | Reached skill level 1 in Dodging
  1527 | D:2      | Reached skill level 1 in Stealth
  1527 | D:2      | Reached skill level 1 in Unarmed Combat
  1527 | D:2      | Reached skill level 1 in Spellcasting
  1527 | D:2      | Reached skill level 1 in Conjurations
  1527 | D:2      | Reached skill level 1 in Hexes
  1527 | D:2      | Reached skill level 1 in Summonings
  1527 | D:2      | Reached skill level 1 in Necromancy
  1527 | D:2      | Reached skill level 1 in Translocations
  1527 | D:2      | Reached skill level 1 in Transmutations
  1527 | D:2      | Reached skill level 1 in Fire Magic
  1527 | D:2      | Reached skill level 1 in Ice Magic
  1527 | D:2      | Reached skill level 1 in Air Magic
  1527 | D:2      | Reached skill level 1 in Earth Magic
  1527 | D:2      | Reached skill level 1 in Poison Magic
  1527 | D:2      | Reached skill level 1 in Evocations
  1527 | D:2      | Reached XP level 4. HP: 21/41 MP: 4/6
  1527 | D:2      | Reached XP level 5. HP: 24/47 MP: 4/7
  1724 | D:2      | Found a white marble altar of Elyvilon.
  1951 | D:3      | Found a shimmering blue altar of Sif Muna.
  2579 | D:3      | Reached XP level 6. HP: 25/53 MP: 8/8
  3188 | D:4      | Noticed Natasha
  3197 | D:4      | Killed Natasha
  3404 | D:4      | Reached skill level 5 in Short Blades
  3426 | D:4      | Noticed Natasha
  3426 | D:4      | Noticed Pikel
  3440 | D:4      | Killed Pikel
  3441 | D:4      | Reached XP level 7. HP: 6/60 MP: 8/11
  3444 | D:4      | Killed Natasha
  3505 | D:4      | Noticed Natasha
  3533 | D:4      | Killed Natasha
  3771 | D:4      | Found a staircase to the Ecumenical Temple.
  4093 | D:4      | Noticed Edmund
  4110 | D:4      | Killed Edmund
  4111 | D:4      | Reached XP level 8. HP: 37/67 MP: 12/12
  4336 | D:5      | Entered Level 5 of the Dungeon
  4470 | D:5      | Found a glowing golden altar of the Shining One.
  4470 | D:5      | Found a stormy altar of Qazlal.
  5876 | D:6      | Reached XP level 9. HP: 50/72 MP: 14/14
  6270 | D:6      | Identified the +3 pair of boots of the Grue {rF+}
  6635 | D:7      | Found an opulent altar of Gozag.
  6638 | D:7      | Found an opulent altar of Gozag.
  6638 | D:7      | Found an opulent altar of Gozag.
  6644 | D:7      | Found a transporter.
  6645 | D:7      | Identified the +7 dire flail of Undoing {venom, Dex+4}
  6645 | D:7      | Noticed a two-headed ogre
  6646 | D:7      | Noticed sobakacece's ghost (novice MiFi)
  6683 | D:7      | Found a transporter.
  6692 | D:7      | Found an opulent altar of Gozag.
  7433 | D:8      | Noticed Erica
  7470 | D:8      | HP: 3/71 [Erica (2)]
  7470 | D:8      | Mangled by Erica

Illustrated notes

Levels and vault maps discovered:
D:1:      sevenhm_arrival_forest_fort_small_3, layout_basic,
          dilly_ecumenical_altar_fadedgnrine, minmay_indecisive_spiral
D:2:      layout_rooms, basic_altar, minivault_4, uniq_sigmund
D:3:      layout_basic, kennysheep_orc_sif_temple, columned_hall_lemuel,
          chequers_serial_rivers_micro_d
D:4:      layout_loops_ring, minmay_temple_entry_poolview, uniq_pikel,
          uniq_edmund, uniq_natasha
D:5:      layout_loops_cross, gammafunk_temple_overflow_wave,
          serial_bayou_crossing
D:6:      minmay_recursive_quarters, layout_basic,
          chequers_serial_rivers_small_a, eino_small_chamber_without_monster
D:7:      layout_gridville, nicolae_gozag_conspicuous_consumption,
          gammafunk_ghost_smash
D:8:      minmay_the_grid_plus_closed [minmay_the_grid_medium_cups,
          minmay_the_grid_diamond_grid, minmay_the_grid_box_x,
          minmay_the_grid_doors, minmay_the_grid_prize_inner_circle],
          layout_loops_ring, lair_entry_dummy, gammafunk_ghost_nasty_kobolds,
          uniq_maggie, uniq_erica, uniq_grum

Skill      XL: |  1  2  3  4  5  6  7  8  9 |
---------------+----------------------------+-----
Invocations    | 1 2 3 4 |  4.9
Long Blades    | 1 2 3 4 |  4.4
Axes           | 1 2 3 4 |  4.4
Maces & Flails | 1 2 3 4 |  4.4
Polearms       | 1 2 3 4 |  4.4
Staves         | 1 2 3 4 |  4.4
Slings         | 1 2 3 4 |  4.4
Bows           | 1 2 3 4 |  4.4
Crossbows      | 1 2 3 4 |  4.4
Throwing       | 1 2 3 4 |  4.4
Dodging        | 1 2 3 4 |  4.4
Stealth        | 1 2 3 4 |  4.4
Unarmed Combat | 1 2 3 4 |  4.4
Spellcasting   | 1 2 3 4 |  4.4
Conjurations   | 1 2 3 |  3.6
Hexes          | 1 2 3 |  3.6
Summonings     | 1 2 3 |  3.6
Necromancy     | 1 2 3 |  3.6
Translocations | 1 2 3 |  3.6
Transmutations | 1 2 3 |  3.6
Fire Magic     | 1 2 3 |  3.6
Ice Magic      | 1 2 3 |  3.6
Air Magic      | 1 2 3 |  3.6
Earth Magic    | 1 2 3 |  3.6
Poison Magic   | 1 2 3 |  3.6
Evocations     | 1 2 3 4 |  4.4
Short Blades   | 5 6 |  6.4
Fighting       | 7 8 |  8.0
Armour         | 7 8 |  8.0
Shields        | 7 8 |  8.0

Action                   |  1- 3 |  4- 6 |  7- 9 || total
-------------------------+-------+-------+-------++-------
Melee: Rapier            |   111 |       |       ||   111
       Bite              |    10 |     1 |    21 ||    32
       Scythe            |       |    79 |    90 ||   169
       Demon whip        |       |       |   190 ||   190
Throw: Javelin           |       |       |     2 ||     2
       Dart              |       |       |     4 ||     4
  Use: Potion            |       |       |     3 ||     3
       Scroll            |       |       |    10 ||    10
Armor: Scale mail        |    32 |    50 |   141 ||   223
Dodge: Dodged            |    27 |    55 |   114 ||   196
Block: Kite shield       |    56 |       |    95 ||   151
